 Dungeon Crawl Stone Soup version 0.25-a0-1119-g28b6fd0 (webtiles) character file.

Game seed: 9869332556307817235, levelgen mode: deterministic

109 BlueFish the Ducker (level 4, -11/30 HPs)
             Began as an Octopode Warper on May 17, 2020.
             Mangled by a gnoll
             ... wielding a +2 halberd of venom
              (19 damage)
             ... on level 3 of the Dungeon.
             The game lasted 00:06:10 (2504 turns).

BlueFish the Ducker (Octopode Warper)               Turns: 2504, Time: 00:06:11

Health: -11/30     AC:  1    Str: 11    XL:     4   Next: 89%
Magic:  4/7        EV: 14    Int: 15    God:
Gold:   196        SH:  0    Dex: 11    Spells: 0/7 levels left

rFire    . . .     SeeInvis +     - Unarmed
rCold    . . .     Gourm    .   (no shield)
rNeg     . . .     Faith    .   (helmet restricted)
rPois    .         Spirit   .   (no amulet)
rElec    .         Reflect  .   f - ring of teleportation (curse)
rCorr    .         Harm     .   j - ring of see invisible
MR       .....     Rnd*Tele +   (no ring)
Stlth    +++.......             (no ring)
HPRegen  0.10/turn              (no ring)
MPRegen  0.10/turn              (no ring)
                                (no ring)
                                (no ring)

@: no status effects
A: almost no armour, stealthy swim, amphibious, 8 rings, constrict 8, camouflage
1, gelatinous body 1
a: no special abilities


You were on level 3 of the Dungeon.
You were not hungry.

You visited 1 branch of the dungeon, and saw 3 of its levels.

You collected 196 gold pieces.

Inventory:

Missiles
 c - 5 boomerangs of dispersal
 h - 22 arrows
 i - 122 stones
 l - 4 boomerangs (quivered)
Jewellery
 f - a cursed ring of teleportation (left tentacle)
 j - a ring of see invisible (right tentacle)
Scrolls
 b - 2 scrolls of blinking
 e - a scroll of enchant weapon {unknown}
Potions
 g - a potion of curing
Comestibles
 a - 7 chunks of flesh
 d - 5 rations


   Skills:
 * Level 2.4 Fighting
 * Level 1.6 Throwing
 * Level 3.2 Dodging
 * Level 1.6 Stealth
 * Level 3.0 Unarmed Combat
 + Level 2.3 Spellcasting
 + Level 0.6 Charms
 + Level 3.0 Translocations


You couldn't memorise any spells.
You knew the following spells:

 Your Spells              Type           Power        Failure   Level  Hunger
a - Shroud of Golubria    Chrm/Tloc      #.....       16%         2    ###....
b - Blink                 Tloc           N/A          10%         2    ###....
c - Lesser Beckoning      Tloc           ##........   19%         3    ###....

Your spell library contained the following spells:

 Spells                   Type           Power        Failure   Level  Hunger
 Gell's Gravitas          Tloc           ##........   19%         3    ###....
 Teleport Other           Tloc           ##......     19%         3    ###....
 Passage of Golubria      Tloc           N/A          52%         4    #####..


Dungeon Overview and Level Annotations

Branches:
Dungeon (3/15)

Altars:


Innate Abilities, Weirdness & Mutations

You cannot wear most types of armour.
You are very stealthy in the water. (Stealth+)
You are amphibious.
You can wear up to eight rings at the same time.
You can use your tentacles to constrict eight enemies at once.
Your skin changes colour to match your surroundings (Stealth+).
Your rubbery body absorbs attacks. (AC +1, EV +1)


Message History

The gnoll is almost dead.
The gnoll hits you but does no damage.
The gnoll hits you from afar with a +2 halberd of venom!
* * * LOW HITPOINT WARNING * * *
Casting: Lesser Beckoning (quite dangerous; 19% risk of failure)
Confirm with . or Enter, or press ? or * to list all spells.
Space distorts slightly along a thin shroud covering your body.
The gnoll misses you.
You tentacle-slap the gnoll but do no damage.
Your grab misses the gnoll.
The gnoll is almost dead.
The gnoll hits you from afar with a +2 halberd of venom!
* * * LOW HITPOINT WARNING * * *
Your shroud falls apart!
You are lethally poisoned!
The gnoll hits you but does no damage.
It was a potion of curing.
You feel better.
The gnoll hits you from afar with a +2 halberd of venom!!
Ouch! That really hurt!
You die...

########
##############.......
+...@gg............##
########.......###.#.
#....#### #.#. #....#
#... #....# ##..
#....#######.#
.'g...'........
###....#######.#
.....# #..


You could see 2 gnolls.

Vanquished Creatures
  A gnoll (D:3)
  3 adders
  2 worms (D:3)
  3 dart slugs (D:1)
  A leopard gecko (D:1)
  An orc (D:3)
  10 bats
  4 giant cockroaches
  5 goblins
  9 hobgoblins
  A quokka (D:3)
  A ball python (D:1)
  2 frilled lizards
  10 kobolds
  5 rats
58 creatures vanquished.

Notes
Turn   | Place    | Note
-------+----------+-------------------------------------------
     0 | D:1      | BlueFish the Octopode Warper began the quest for the Orb.
     0 | D:1      | Reached XP level 1. HP: 14/14 MP: 3/3
    36 | D:1      | You fall into a shaft and drop 1 floor!
   400 | D:2      | Reached XP level 2. HP: 17/19 MP: 5/5
   404 | D:2      | Learned a level 2 spell: Shroud of Golubria
   407 | D:2      | Learned a level 2 spell: Blink
   776 | D:1      | Reached skill level 1 in Stealth
   777 | D:1      | Reached XP level 3. HP: 22/24 MP: 3/6
  1599 | D:2      | Reached XP level 4. HP: 13/29 MP: 5/7
  1608 | D:2      | Learned a level 3 spell: Lesser Beckoning
  2503 | D:3      | HP: 1/30 [gnoll/+2 halberd of venom (7)]
  2504 | D:3      | Mangled by a gnoll

Illustrated notes

Levels and vault maps discovered:
D:1:      eino_arrival_tree_alley, layout_loops_cross
D:2:      layout_basic
D:3:      minmay_diamond_boxcup, layout_basic, first_ration

Skill      XL: |  1  2  3  4 |
---------------+-------------+-----
Stealth        | 1 |  1.6
Dodging        | 3 |  3.2
Unarmed Combat | 3 |  3.0
Fighting       | |  2.4
Throwing       | |  1.6
Spellcasting   | |  2.3
Charms         | |  0.6
Translocations | |  3.0

Action                   |  1- 3 |  4- 6 || total
-------------------------+-------+-------++-------
Melee: Unarmed           |    95 |    41 ||   136
       Constrict         |    26 |     9 ||    35
       Tentacles         |    10 |     8 ||    18
       Punch             |     2 |       ||     2
Throw: Boomerang         |       |    13 ||    13
 Cast: Shroud of Golubri |    16 |    12 ||    28
  Use: Scroll            |     1 |     4 ||     5
       Potion            |       |     1 ||     1
 Stab: Sleeping          |     2 |     2 ||     4
  Eat: Chunk             |     3 |     4 ||     7
Armor: Skin              |     5 |     2 ||     7
Dodge: Dodged            |    58 |    12 ||    70

Table legend:
 A = Non-vault XP
 B = Vault XP
 C = Vault XP percentage of total XP
 D = Non-vault monster count
 E = Vault monster count
 F = Vault count percentage of total count
                 A         B        C        D         E       F
            +---------+---------+-------+---------+---------+-------
      Total |     142 |      14 |   9.0 |      51 |       7 |  12.1
            +---------+---------+-------+---------+---------+-------
        D:1 |      33 |       0 |   0.0 |      16 |       0 |   0.0
        D:2 |      58 |       0 |   0.0 |      21 |       0 |   0.0
        D:3 |      51 |      14 |  21.5 |      14 |       7 |  33.3
            +---------+---------+-------+---------+---------+-------
